 Dungeon Crawl Stone Soup version 0.28-a0-1406-ga8dd43b1d0 (webtiles) character file.

Game seed: 12924786740450755109

1831 Deminshera the Thaumaturge (level 8, -5/70 HPs)
             Began as a Grey Draconian Hedge Wizard on Jan 6, 2022.
             Was an Initiate of Vehumet.
             Slain by a purple ugly thing (15 damage)
             ... on level 7 of the Dungeon.
             The game lasted 00:14:10 (16387 turns).

Deminshera the Thaumaturge (DrWz)                  Turns: 16387, Time: 00:14:11

Health: -5/70      AC: 12    Str: 13    XL:     8   Next: 86%
Magic:  20/20      EV: 12    Int: 16    God:    Vehumet [......]
Gold:   268        SH:  0    Dex: 11    Spells: 17/23 levels left

rFire   . . .      SeeInvis .   t - +2 dagger (drain)
rCold   . . .      Faith    .   (no shield)
rNeg    . . .      Spirit   .   (armour unavailable)
rPois   .          Reflect  .   b - +0 hat
rElec   .          Harm     .   (no cloak)
rCorr   .          Rampage  .   n - +0 pair of gloves
Will    .....                   (no boots)
Stlth   ++........              (no amulet)
HPRegen 0.21/turn               (no ring)
MPRegen 0.17/turn               (no ring)

@: no status effects
A: AC +11, amphibious, unfitting armour, cold-blooded
a: Renounce Religion


You were on level 7 of the Dungeon.
You worshipped Vehumet.
Vehumet was noncommittal.
You visited 2 branches of the dungeon, and saw 8 of its levels.

You collected 268 gold pieces.

Inventory:

Hand Weapons
 t - a +2 dagger of draining (weapon)
Armour
 b - a +0 hat (worn)
 n - a +0 pair of gloves (worn)
Magical Staves
 q - a staff of earth
Jewellery
 m - a ring of fire
Wands
 k - a wand of digging (5)
Scrolls
 d - 2 scrolls of fog {unknown}
 e - a scroll of noise {unknown}
 g - 9 scrolls of identify {unknown}
 h - a scroll of summoning {unknown}
 i - 3 scrolls of amnesia {unknown}
 j - a scroll of brand weapon {unknown}
 p - 2 scrolls of teleportation {unknown}
 r - a scroll of fear {unknown}
 s - a scroll of enchant armour {unknown}
Potions
 a - 4 potions of heal wounds {unknown}
 c - 6 potions of curing {unknown}
 f - 6 potions of might {unknown}
 l - 2 potions of brilliance {unknown}
 o - a potion of flight {unknown}
 u - 2 potions of haste {unknown}


   Skills:
 + Level 5.7 Fighting
 - Level 2.0 Dodging
 - Level 2.0 Stealth
 - Level 8.0 Spellcasting
 - Level 2.0 Conjurations
 - Level 1.0 Summonings
 - Level 1.0 Translocations
 - Level 3.0 Air Magic
 - Level 4.0 Poison Magic


You had 17 spell levels left.
You knew the following spells:

 Your Spells              Type           Power      Damage    Failure   Level
a - Magic Dart            Conj           48%        1d5       4%          1
b - Mephitic Cloud        Conj/Pois/Air  16%        N/A       10%         3
c - Poisonous Vapours     Pois/Air       34%        N/A       4%          2

Your spell library contained the following spells:

 Spells                   Type           Power      Damage    Failure   Level
 Apportation              Tloc           18%        N/A       8%          1
 Summon Small Mammal      Summ           36%        N/A       8%          1
 Corpse Rot               Necr/Air       22%        N/A       9%          2
 Animate Skeleton         Necr           12%        N/A       11%         1
 Slow                     Hex            24%        N/A       11%         1
 Blink                    Tloc           18%        N/A       11%         2
 Call Imp                 Summ           9%         N/A       11%         2
 Sublimation of Blood     Necr           6%         N/A       17%         2
 Wereblood                Tmut           6%         N/A       17%         2
 Conjure Flame            Conj/Fire      9%         6-21      22%         3
 Alistair's Intoxication  Tmut/Pois      8%         N/A       80%         5
 Borgnjor's Vile Clutch   Necr/Erth      3%         N/A       97%         5
 Eringya's Noxious Bog    Tmut/Pois      6%         N/A       100%        6
 Summon Hydra             Summ           4%         N/A       100%        7


Dungeon Overview and Level Annotations

Branches:
Dungeon (7/15)             Temple (1/1) D:5

Altars:
Ashenzari
Cheibriados
Dithmenos
Elyvilon
Fedhas
Gozag
Hepliaklqana
Kikubaaqudgha
Nemelex Xobeh
Okawaru
Qazlal
Ru
Sif Muna
Uskayaw
Vehumet
Wu Jian
Xom
Yredelemnul
Zin
The Shining One

Shops:
D:5 !

Annotations:
D:7 1 exclusion


Innate Abilities, Weirdness & Mutations

Your dull iron-grey scales are very hard. (AC +11)
You are amphibious.
You cannot fit into any form of body armour.
You are cold-blooded and may be slowed by cold attacks.


Message History

The purple ugly thing trunk-slaps you but does no damage.
The purple ugly thing trunk-slaps you!
An iguana comes into view.
The iguana hisses angrily.
The iguana bites you but does no damage.
The purple ugly thing misses you.
You closely miss the iguana. The iguana bites you.
The purple ugly thing trunk-slaps you.
You barely miss the iguana.
The purple ugly thing closely misses you.
The iguana barely misses you.
You hit the iguana but do no damage. The iguana bites you.
The purple ugly thing trunk-slaps you!
* * * LOW HITPOINT WARNING * * *
You barely miss the iguana.
The iguana hisses menacingly.
The iguana bites you.
* * * LOW HITPOINT WARNING * * *
The purple ugly thing barely misses you.
You hit the iguana but do no damage. The iguana bites you.
* * * LOW HITPOINT WARNING * * *
The purple ugly thing completely misses you.
You hit the iguana but do no damage. You drain the iguana.
You tail-slap the iguana.
The iguana is heavily wounded.
The iguana bites you but does no damage.
The purple ugly thing trunk-slaps you but does no damage.
You hit the iguana but do no damage. You drain the iguana.
The iguana is heavily wounded.
The purple ugly thing trunk-slaps you.
* * * LOW HITPOINT WARNING * * *
The iguana closely misses you.
You hit the iguana but do no damage. You drain the iguana.
The iguana is severely wounded.
The purple ugly thing closely misses you.
The iguana closely misses you.
You hit the iguana but do no damage. You drain the iguana.
The iguana is almost dead.
The purple ugly thing trunk-slaps you!
You die...

#T.#####.####.#
#........####.#
#.#####.......# .#
#....T........##.#
########.###.###.#
#.# #.# #.# #T#
#.# #.#
#u###>###.#
#.@l......#####.#
#####.##........#
#..>...<........
#.#.........#.#. #
#.........#
#.........#
#....<....(.
#.........##.
#.......... #


You could see a purple ugly thing, a troll and an iguana (drained).

Vanquished Creatures
  2 water moccasins
  Duvessa (D:5)
  2 ice beasts
  An orc warrior (D:6)
  2 necrophages
  A centaur (D:5)
  4 ogres
  Blork the orc (D:6)
  A scorpion (D:6)
  Dowan (D:5)
  2 hounds
  A bullfrog skeleton (D:5)
  A jelly (D:5)
  A scorpion zombie (D:5)
  2 iguanas
  An orc wizard (D:6)
  2 hound zombies (D:5)
  A hound skeleton (D:4)
  A howler monkey skeleton (D:6)
  9 adders
  A shadow imp (D:6)
  3 white imps
  3 worms
  2 dart slugs (D:4)
  9 orcs
  10 ball pythons
  3 endoplasms
  2 giant cockroaches
  5 goblins
  4 hobgoblins
  3 jackals (D:5)
  6 kobolds
  4 quokkas
  2 bats
  2 frilled lizards (D:1)
  6 rats
102 creatures vanquished.

Notes
Turn   | Place    | Note
-------+----------+-------------------------------------------
     0 | D:1      | Deminshera the Draconian Hedge Wizard began the quest for
                  | the Orb.
     0 | D:1      | Reached XP level 1. HP: 14/14 MP: 4/4
   415 | D:1      | Reached XP level 2. HP: 20/20 MP: 1/6
  2213 | D:2      | Reached XP level 3. HP: 25/26 MP: 2/8
  2223 | D:2      | Learned a level 3 spell: Mephitic Cloud
  2933 | D:2      | Found a faded altar of an unknown god.
  3394 | D:2      | Reached skill level 1 in Air Magic
  3394 | D:2      | Reached skill level 1 in Poison Magic
  3394 | D:2      | Reached XP level 4. HP: 33/33 MP: 4/9
  3803 | D:2      | Learned a level 2 spell: Poisonous Vapours
  4794 | D:3      | Found an ornate altar of the Wu Jian Council.
  5459 | D:4      | Reached skill level 4 in Spellcasting
  6150 | D:4      | Reached XP level 5. HP: 38/38 MP: 6/11
  7148 | D:4      | Noticed an ogre
  7169 | D:4      | Killed an ogre
  7170 | D:4      | Reached XP level 6. HP: 45/45 MP: 3/12
  7956 | D:5      | Entered Level 5 of the Dungeon
  8790 | D:5      | Reached skill level 5 in Spellcasting
  9553 | D:5      | Found Isapt's Distillery.
  9765 | D:4      | Your scales start taking on a dull iron-grey colour.
  9765 | D:4      | Reached XP level 7. HP: 21/50 MP: 0/15
 11497 | D:5      | Reached skill level 6 in Spellcasting
 11988 | D:5      | Found a staircase to the Ecumenical Temple.
 11993 | Temple   | Entered the Ecumenical Temple
 12174 | Temple   | Became a worshipper of Vehumet
 13142 | D:6      | Noticed Duvessa
 13142 | D:6      | Noticed Dowan
 13173 | D:5      | Killed Duvessa
 14135 | D:5      | Killed Dowan
 14136 | D:5      | Reached skill level 7 in Spellcasting
 14136 | D:5      | Reached XP level 8. HP: 53/57 MP: 9/18
 14975 | D:5      | Reached skill level 8 in Spellcasting
 15784 | D:6      | Found a hazy altar of Hepliaklqana.
 15811 | D:6      | Noticed Blork the orc
 15829 | D:6      | Killed Blork the orc
 15830 | D:6      | Reached skill level 5 in Fighting
 16281 | D:7      | Noticed a purple ugly thing
 16286 | D:7      | Noticed a troll
 16387 | D:7      | Slain by a purple ugly thing

Illustrated notes

Levels and vault maps discovered:
D:1:      minmay_arrival_cross, layout_rooms
D:2:      layout_basic, ebering_ecumenical_altar_rust
D:3:      layout_basic, nicolae_wu_jian_wuxing_cycle
D:4:      layout_loops_corners
D:5:      layout_rooms, minmay_temple_entry_nine_rooms, serial_co_window_serial,
          co_window_of_opportunity_a, co_window_corner_a, co_window_paths_a,
          co_window_paths_a, co_window_paths_a, co_window_paths_a,
          co_window_corner_a, co_window_broadway_c, co_window_broadway_b,
          co_window_corner_ca, co_window_cross_2, co_window_broadway_b,
          glass_columns_b, glass_columns_a, glass_columns_a, serial_shops, shop
D:6:      layout_basic, nicolae_hepliaklqana_hazy_memory, uniq_blork_the_orc,
          uniq_duvessa
D:7:      minmay_cornered_nines, layout_loops_ring, minmay_the_grid_2x2
          [minmay_the_grid_fan, minmay_the_grid_eight,
          minmay_the_grid_broken_lines, minmay_the_grid_prize_trominoes]
Temple:   dpeg_five_rooms_temple

Skill      XL: |  1  2  3  4  5  6  7  8 |
---------------+-------------------------+-----
Stealth        | 2 |  2.0
Dodging        | 2 |  2.0
Conjurations   | 2 |  2.0
Air Magic      | 1 2 2 3 |  3.0
Poison Magic   | 1 2 3 4 |  4.0
Spellcasting   | 4 5 7 8 |  8.0
Fighting       | 5 |  5.7
Summonings     | |  1.0
Translocations | |  1.0

Action                   |  1- 3 |  4- 6 |  7- 9 || total
-------------------------+-------+-------+-------++-------
Melee: Dagger            |    34 |    39 |   136 ||   209
       Tailslap          |     2 |     2 |    19 ||    23
       Punch             |       |       |     6 ||     6
 Cast: Magic Dart        |    97 |    67 |   107 ||   271
       Poisonous Vapours |       |    60 |    60 ||   120
       Mephitic Cloud    |       |       |     7 ||     7
 Stab: Confused          |       |       |     3 ||     3
Armor: Skin              |    11 |    32 |    96 ||   139
Dodge: Dodged            |    27 |    43 |   146 ||   216

Table legend: (Time is in decaauts)
 A = Elapsed time spent in this place.
 B = Non-inter-level travel time spent in this place.
 C = Inter-level travel time spent in this place.
 D = Time resting spent in this place.
 E = Time spent auto-exploring this place.
 F = Levels seen in this place.
 G = Mean time per level.
                   A        B        C        D        E       F      G
               +--------+--------+--------+--------+--------+-----+--------+
         Total |  16400 |  16122 |    278 |  10353 |   4294 |   8 | 2050.0 |
       Dungeon |  16186 |  15940 |    246 |  10353 |   4129 |   7 | 2312.3 |
        Temple |    214 |    182 |     32 |      0 |    165 |   1 |  214.0 |
               +--------+--------+--------+--------+--------+-----+--------+

Top non-repeatable levels by time:
     D:5: 5584 daAuts
     D:4: 3034 daAuts
     D:1: 2079 daAuts
     D:2: 1927 daAuts
     D:3: 1742 daAuts
     D:6: 1511 daAuts
     D:7: 305 daAuts
  Temple: 214 daAuts
